 Dungeon Crawl Stone Soup version 1.0-4-g475eb36 (webtiles) character file.

122 TheOrbIsALie the Insei (level 4, -1/32 HPs)
             Began as a Demigod Transmuter on July 29, 2018.
             Slain by an orc
             ... wielding a +0 whip
              (4 damage)
             ... on level 3 of the Dungeon.
             The game lasted 00:02:40 (1742 turns).

TheOrbIsALie the Insei (Demigod Transmuter)         Turns: 1742, Time: 00:02:41

Health: -1/32      AC:  2    Str: 12 (14) XL:     4   Next: 78%
Magic:  9/9        EV: 13    Int: 15      God:    [......]
Gold:   147        SH:  0    Dex: 14 (15) Spells: 9/10 levels left

rFire    . . .     SeeInvis .     - Unarmed
rCold    . . .     Gourm    .   (no shield)
rNeg     . . .     Faith    .   b - +0 robe
rPois    .         Spirit   .   (no helmet)
rElec    .         Reflect  .   (no cloak)
rCorr    .         Harm     .   (no gloves)
MR       .....                  (no boots)
Stlth    +.........             (no amulet)
HPRegen  0.10/turn              f - ring of wizardry
MPRegen  0.11/turn              (no ring)

@: appendage (expiring)
A: divine derivation, horns 2
a: End Transformation


You were on level 3 of the Dungeon.
You worshipped . was noncommittal.
You were not hungry.
You had grown temporary horns.
You visited 1 branch of the dungeon, and saw 3 of its levels.

You collected 147 gold pieces.

Inventory:

Missiles
 a - 12 arrows
Armour
 b - a +0 robe (worn)
Jewellery
 f - a ring of wizardry (left hand)
Wands
 i - a wand of iceblast (3)
Scrolls
 e - 3 scrolls of identify {unknown}
 g - a scroll of teleportation {unknown}
 j - a scroll of magic mapping {unknown}
 k - a scroll of fog {unknown}
Potions
 c - a potion of degeneration
 h - a potion of resistance
 l - a potion of haste
Comestibles
 d - 4 rations
 m - a chunk of flesh


   Skills:
 + Level 1.1 Fighting
 + Level 2.5 Dodging
 + Level 0.2 Stealth
 + Level 3.9 Unarmed Combat
 + Level 3.6 Spellcasting
 + Level 2.9 Transmutations


You had 9 spell levels left.
You knew the following spells:

 Your Spells              Type           Power        Failure   Level  Hunger
a - Beastly Appendage     Tmut           ##....       2%          1    None

Your spell library contained the following spells:

 Spells                   Type           Power        Failure   Level  Hunger
 Spider Form              Tmut/Pois      #.........   12%         3    ###....
 Blade Hands              Tmut           ##........   52%         5    ######.
 Ice Form                 Ice/Tmut       #.......     38%         4    ####...
 Sticks to Snakes         Tmut           ##......     3%          2    ##.....


Dungeon Overview and Level Annotations

Branches:
Dungeon (3/15)


Innate Abilities, Weirdness & Mutations

You periodically gain divine abilities as you level.
You have a pair of horns on your head.


Message History

The kobold shouts!
You hit the orc but do no damage.
You hear a shout! x2
The orc hits you with a whip.
You closely miss the orc. The orc hits you with a whip.
* * * LOW HITPOINT WARNING * * *
You hit the orc.
The orc is heavily wounded.
The orc hits you with a whip.
* * * LOW HITPOINT WARNING * * *
You hit the orc but do no damage. You headbutt the orc, but do no damage.
The orc is heavily wounded.
The orc closely misses you.
You closely miss the orc.
The orc is heavily wounded.
The orc misses you.
You barely miss the orc.
The orc is heavily wounded.
The orc hits you with a whip.
You die...

#r.## #....
#.### #o#
##### #####
#.#
#...####...#
#.#
#..........#
#.#
#.?.####...#
#.# ##@##
#..## #.#
#o#
#..#####.#
#.K.#
#..).....#
#.#.#
#.########
#. .#
#.####### ##
.# #<.......
.# #########
##


You could see an orc and a kobold.

Vanquished Creatures
  An orc wizard (D:3)
  2 orc priests (D:3)
  A dart slug (D:2)
  3 orcs (D:3)
  4 bats
  5 goblins
  2 hobgoblins (D:1)
  7 kobolds
  2 frilled lizards
  4 rats
31 creatures vanquished.

Notes
Turn   | Place    | Note
-------+----------+-------------------------------------------
     0 | D:1      | TheOrbIsALie the Demigod Transmuter began the quest for the Orb.
     0 | D:1      | Reached XP level 1. HP: 14/14 MP: 3/3
   146 | D:1      | Reached XP level 2. HP: 16/20 MP: 3/5
   937 | D:2      | Found a faded altar of an unknown god.
  1360 | D:3      | Reached XP level 3. HP: 25/25 MP: 5/7
  1397 | D:3      | Reached skill level 1 in Fighting
  1398 | D:3      | HP: 1/26 [orc priest (5)]
  1402 | D:3      | Reached XP level 4. HP: 2/32 MP: 6/9
  1742 | D:3      | Slain by an orc

Skill      XL: |  1  2  3 |
---------------+----------+-----
Spellcasting   | 3 |  3.6
Fighting       | 1 |  1.1
Dodging        | |  2.5
Stealth        | |  0.2
Unarmed Combat | |  3.9
Transmutations | |  2.9

Action                   |  1- 3 |  4- 6 || total
-------------------------+-------+-------++-------
Melee: Unarmed           |    85 |    23 ||   108
       Kick              |    12 |     1 ||    13
       Punch             |     2 |       ||     2
       Headbutt          |     2 |     7 ||     9
 Cast: Beastly Appendage |    19 |     3 ||    22
  Use: Potion            |     3 |       ||     3
  Eat: Chunk             |     1 |       ||     1
       Ration            |       |     1 ||     1
Armor: Robe              |    13 |       ||    13
Dodge: Dodged            |    72 |     8 ||    80
